 Dungeon Crawl Stone Soup version 0.26-a0-660-gc07710193c (webtiles) character file.

Game seed: 17347335941540606118

2210 Banto the Basher (level 9, -1/64 HPs)
             Began as a Human Delver on Oct 7, 2020.
             Was an Initiate of Okawaru.
             Slain by a wight
             ... wielding a cursed +0 mace
              (2 damage)
             ... on level 7 of the Dungeon.
             The game lasted 00:11:07 (10724 turns).

Banto the Basher (Human Delver)                    Turns: 10724, Time: 00:11:08

Health: -1/64      AC:  6    Str: 13    XL:     9   Next: 61%
Magic:  9/9        EV: 11    Int: 13    God:    Okawaru [......]
Gold:   433        SH:  0    Dex: 15    Spells: 8/8 levels left

rFire    . . .     SeeInvis .   q - +2 whip (flame)
rCold    . . .     Faith    .   (no shield)
rNeg     . . .     Spirit   .   h - +1 ring mail
rPois    .         Reflect  .   (no helmet)
rElec    .         Harm     .   (no cloak)
rCorr    .         Rampage  .   (no gloves)
MR       .....                  (no boots)
Stlth    ++........             (no amulet)
HPRegen  0.20/turn              (no ring)
MPRegen  0.11/turn              (no ring)

@: about to teleport, mesmerised, lightly drained
A: no striking features
a: Renounce Religion


You were on level 7 of the Dungeon.
You worshipped Okawaru.
Okawaru was noncommittal.
You visited 2 branches of the dungeon, and saw 8 of its levels.
You also visited: Ossuary.

You collected 433 gold pieces.

Inventory:

Hand Weapons
 q - a +2 whip of flaming (weapon)
Missiles
 l - 17 poisoned darts (quivered)
Armour
 h - a +1 ring mail (worn)
 j - a +0 buckler
Jewellery
 s - an uncursed ring of ice
 x - an uncursed ring of fire
Wands
 g - a wand of digging (3)
 A - a wand of random effects (26)
Scrolls
 b - 3 scrolls of amnesia
 c - 2 scrolls of fog
 d - 2 scrolls of magic mapping
 e - 3 scrolls of fear
 k - a scroll of enchant armour
 p - 5 scrolls of remove curse
 u - a scroll of teleportation
 y - 4 scrolls of enchant weapon
 z - a scroll of identify
Potions
 f - 2 potions of haste
 i - a potion of invisibility
 m - 3 potions of brilliance
 n - 9 potions of curing
 o - a potion of resistance
 r - a potion of stabbing
 t - 4 potions of berserk rage
 v - a potion of heal wounds
 w - a potion of flight
 C - a potion of lignification


   Skills:
 + Level 3.2(2.9) Fighting
 - Level 12.0(11.6) Maces & Flails
 - Level 2.0(1.7) Dodging
 - Level 5.0(4.7) Stealth


You had 8 spell levels left.
You didn't know any spells.
Your spell library was empty.

Dungeon Overview and Level Annotations

Branches:
Dungeon (7/15)             Temple (1/1) D:7         Ossuary (visited)

Altars:
Ashenzari
Cheibriados
Dithmenos
Elyvilon
Fedhas
Gozag
Hepliaklqana
Kikubaaqudgha
Makhleb
Nemelex Xobeh
Okawaru
Qazlal
Ru
Sif Muna
Trog
Uskayaw
Vehumet
Wu Jian
Xom
Yredelemnul
Zin
The Shining One

Annotations:
D:6 3 runed translucent doors, chipmonk's ghost, novice HuFi
D:7 Maggie


Message History

You cannot move away from Maggie!
Evoke which item? (* to show all) (? for menu, Esc to quit)
Aiming: Random Effects
Press: ? - help, Shift-Dir - straight line, f/p - Maggie
Aim: Maggie, wielding a +2 morningstar of flaming and wearing +0 swamp dragon scales (moderately wounded, mesmerising, fast) Maggie resists with some effort.
The wight barely misses you.
As you read the scroll of teleportation, it crumbles to dust.
You feel strangely unstable.
The wight hits you with a cursed +0 mace!
* * * LOW HITPOINT WARNING * * *
You take 7 damage, and have 5/64 hp.
Maggie says, "Leave now, and tell all of Margery's mercy!"
Maggie barely misses you.
You hit Maggie but do no damage.
Maggie is moderately wounded.
Maggie hits you but does no damage.
The wight hits you with a cursed +0 mace.
* * * LOW HITPOINT WARNING * * *
You feel drained.
You die...

##.##.#.# #.........#.#.....
#....)..# ##..............#.
#..###.#####.##...##..#...#.
#..###.##....##...##......#.
#.......................z.#.
#.##$...........>....##...#.
#......_.............#....#.
####((.)..@..##...##.#.###..
#......z@.##...##.#(###.#
#...#.###.......@.......#
#.#.#...########....#####
#=.......# ######
#..#.#..#.# #.......# .#
#..#.#..# . ##.....##


You could see Maggie (mesmerising, fast) and a wight.

Vanquished Creatures
  An orc warrior (D:7)
  A phantom (D:6)
  An ogre (D:5)
  A necrophage (D:5)
  3 centaurs
  2 bullfrogs
  2 water moccasin zombies (Ossuary)
  2 howler monkeys
  4 wights (D:7)
  3 bullfrog zombies
  2 bullfrog skeletons
  2 centaur zombies (Ossuary)
  A jelly (D:5)
  2 orc priests
  A hound (D:4)
  3 orc wizards
  3 iguanas
  A worker ant (D:6)
  12 mummies (Ossuary)
  3 worker ant zombies
  A howler monkey zombie (Ossuary)
  11 adders
  8 gnolls
  A white imp (D:5)
  An ooze (D:4)
  3 adder skeletons
  6 adder zombies (Ossuary)
  2 worms
  2 dart slugs
  7 leopard geckos
  25 orcs
  7 giant cockroaches
  8 goblins
  4 hobgoblins
  18 jackals
  3 quokkas
  A ball python (D:1)
  8 bats
  6 frilled lizards
  A giant cockroach zombie (Ossuary)
  A jackal zombie (Ossuary)
  10 kobolds
  3 quokka zombies
  3 rats
190 creatures vanquished.

Vanquished Creatures (others)
  9 withered plants (Ossuary)
9 creatures vanquished.

Grand Total: 199 creatures vanquished

Notes
Turn   | Place    | Note
-------+----------+-------------------------------------------
     0 | D:5      | Banto the Human Delver began the quest for the Orb.
     0 | D:5      | Reached XP level 1. HP: 18/18 MP: 1/1
   270 | D:2      | Reached XP level 2. HP: 20/24 MP: 2/2
   467 | D:1      | Reached skill level 3 in Maces & Flails
   634 | D:1      | Reached XP level 3. HP: 29/29 MP: 3/3
  1245 | D:1      | Noticed a rime drake
  1245 | D:1      | Noticed a black bear
  1476 | D:2      | Reached skill level 4 in Maces & Flails
  1476 | D:2      | Reached XP level 4. HP: 32/35 MP: 4/4
  2784 | D:3      | Reached XP level 5. HP: 33/41 MP: 5/5
  3114 | D:3      | Reached skill level 5 in Maces & Flails
  3645 | D:4      | Found an ornate altar of the Wu Jian Council.
  3870 | D:4      | Reached XP level 6. HP: 47/47 MP: 6/6
  3886 | D:4      | Reached skill level 6 in Maces & Flails
  5540 | D:5      | Reached XP level 7. HP: 47/52 MP: 7/7
  5641 | D:5      | Reached skill level 7 in Maces & Flails
  6513 | D:5      | Reached skill level 8 in Maces & Flails
  6911 | D:5      | Reached XP level 8. HP: 58/58 MP: 8/8
  7166 | D:5      | Reached skill level 9 in Maces & Flails
  7523 | D:6      | Found a sand-covered staircase.
  7528 | Ossuary  | Entered an ossuary
  8324 | Ossuary  | Reached skill level 10 in Maces & Flails
  8930 | D:6      | Reached XP level 9. HP: 47/63 MP: 9/9
  9293 | D:6      | Reached skill level 11 in Maces & Flails
  9423 | D:6      | Found a runed translucent gate.
  9423 | D:6      | Found a runed translucent gate.
  9423 | D:6      | Found a runed translucent gate.
  9423 | D:6      | Noticed chipmonk's ghost (novice HuFi)
 10270 | D:7      | Found a staircase to the Ecumenical Temple.
 10278 | D:7      | Reached skill level 12 in Maces & Flails
 10286 | Temple   | Entered the Ecumenical Temple
 10576 | Temple   | Became a worshipper of Warmaster Okawaru
 10640 | D:7      | Noticed Maggie
 10684 | D:7      | Found a white marble altar of Elyvilon.
 10724 | D:7      | HP: 1/64 [wight/cursed +0 mace (4)]
 10724 | D:7      | Slain by a wight

Illustrated notes

Levels and vault maps discovered:
D:1:      onia_arrival_zoo_common, layout_rooms, corexii_hall_statues_l
D:2:      layout_loops_ring
D:3:      layout_rooms, dk_noncrumbling_2
D:4:      layout_loops_corners, lemuel_crystal_altar, nicolae_underground_beach
D:5:      layout_basic
D:6:      layout_loops_cross, enter_ossuary_2, gammafunk_ghost_necromancy,
          dk_noncrumbling_3
D:7:      layout_loops_cross, minmay_temple_entry_stoned_glass,
          serial_co_window_serial, co_window_corner_a,
          co_window_of_opportunity_a, co_window_paths_b, co_window_corner_a,
          co_window_paths_a, co_window_cross_3, co_window_2corner,
          co_window_broadway_a, co_window_broadway_b, co_window_2corner,
          glass_columns_a, glass_columns_b, glass_columns_a, basic_altar,
          ebering_dispersal_statue_hall, uniq_maggie
Temple:   regret_index_temple_sigil_plot

Skill      XL: |  1  2  3  4  5  6  7  8  9 |
---------------+----------------------------+-----
Maces & Flails | 3 4 5 6 8 10 12 | 12.0
Fighting       | |  3.2
Dodging        | |  2.0
Stealth        | |  5.0

Action                   |  1- 3 |  4- 6 |  7- 9 || total
-------------------------+-------+-------+-------++-------
Melee: Mace              |   126 |   259 |       ||   385
       Whip              |       |     9 |   542 ||   551
Throw: Dart              |       |    16 |    10 ||    26
Evoke: Wand              |       |       |    13 ||    13
  Use: Scroll            |       |     4 |    17 ||    21
       Potion            |       |       |     1 ||     1
 Stab: Sleeping          |     4 |    12 |     4 ||    20
Armor: Ring mail         |    47 |   117 |    89 ||   253
       Skin              |       |       |     9 ||     9
Dodge: Dodged            |    93 |   186 |   185 ||   464

Table legend: (Time is in decaauts)
 A = Elapsed time spent in this place.
 B = Non-inter-level travel time spent in this place.
 C = Inter-level travel time spent in this place.
 D = Time resting spent in this place.
 E = Time spent auto-exploring this place.
 F = Levels seen in this place.
 G = Mean time per level.
                   A        B        C        D        E       F      G
               +--------+--------+--------+--------+--------+-----+--------+
         Total |  10582 |  10254 |    328 |   2882 |   5233 |   9 | 1175.8 |
       Dungeon |   8996 |   8715 |    281 |   2235 |   4732 |   7 | 1285.1 |
        Temple |    310 |    263 |     47 |      0 |    258 |   1 |  310.0 |
       Ossuary |   1275 |   1275 |      0 |    647 |    243 |   1 | 1275.0 |
               +--------+--------+--------+--------+--------+-----+--------+

Top non-repeatable levels by time:
     D:4: 2427 daAuts
     D:5: 1780 daAuts
 Ossuary: 1275 daAuts
     D:6: 1200 daAuts
     D:2: 1157 daAuts
     D:3: 992 daAuts
     D:1: 960 daAuts
     D:7: 478 daAuts
  Temple: 310 daAuts

Table legend:
 A = Kills in this place as a percentage of kills in entire the game.
 B = Kills by you in this place as a percentage of kills by you in the entire game.
 C = Kills by friends in this place as a percentage of kills by friends in the entire game.
 D = Other kills in this place as a percentage of other kills in the entire game.
 E = Experience gained in this place as a percentage of experience gained in the entire game.
 F = Experience gained in this place divided by the number of levels of this place that you have seen.
                   A       B       C       D       E      F
               +-------+-------+-------+-------+-------+----------------------
         Total | 100.0 | 100.0 |   N/A |   N/A | 100.0 | 350.9
       Dungeon |  83.7 |  83.7 |   N/A |   N/A |  76.8 | 346.3
       Ossuary |  16.3 |  16.3 |   N/A |   N/A |  23.2 | 734.0
               +-------+-------+-------+-------+-------+----------------------
